Map: Traitor's Exile

Players

BadCarma

  • Race: Zerg Zerg
  • Spawn Location: 5:00

Miszu

  • Race: Terran Terran
  • League: Grandmaster
  • Spawn Location: 6:00

MiNDTRiKS - Winner!

  • Race: Terran Terran
  • League: Master
  • Spawn Location: 9:00

PureLegacy - Winner!

  • Race: Terran Terran
  • Spawn Location: 12:00

VOD

Have the link to the VOD?

Description

Time

  • Played on: Dec. 3, 2018, 10:12 a.m.
  • Length: 7:49
Show
View Real Time Build Order
Export as new Build Order

BadCarma Zerg 

Build Orders: Pool First 

Get SALT Encoding   

  12  0:01  Drone  
  13  0:13  Drone  
  14  0:18  Overlord  
  14  0:35  Spawning Pool  
  14  0:39  Drone  
  14  0:42  Drone  
  15  0:47  Drone  
  16  0:51  Extractor  
  16  0:55  Drone  
  16  1:01  Drone  
  17  1:22  Queen  
  17  1:23  Zergling x2  
  17  1:25  Drone  
  21  1:28  Spine Crawler  
  20  1:34  Drone  
  21  1:51  Metabolic Boost  
  21  1:59  Overlord  
  21  2:01  Drone  
  22  2:11  Overlord  
  21  2:25  Hatchery  
  20  2:38  Zergling x6  
  20  2:39  Zergling x4  
  25  3:02  Overlord  
  25  3:04  Zergling x8  
  29  3:13  Evolution Chamber  
  27  3:24  Zergling x2  
  21  3:44  Zergling x2  
  21  3:45  Zergling x8  
  21  3:48  Queen  
  25  3:51  Zerg Ground Armor Level 1  
  27  4:02  Drone x4  
  28  4:30  Zergling x2  
  28  4:31  Zergling x10  
  34  4:43  Drone x3  
  37  5:01  Drone x5  
  42  5:10  Lair  
  42  5:19  Drone x2  
  44  5:21  Drone  
  44  5:22  Spore Crawler  
  42  5:45  Zerg Melee Weapons Level 1, Extractor  
  41  5:51  Drone  
  41  5:52  Drone x7  
  41  5:54  Extractor  
  41  5:56  Extractor  
  47  6:12  Drone x2  
  47  6:13  Drone  
  50  6:26  Drone  
  50  6:27  Drone  
  50  6:31  Spire  
  51  6:33  Overlord x2  
  51  6:39  Zergling x2  
  52  6:54  Zergling x4  
  52  6:55  Zergling x10  
  52  7:15  Zergling x14  
Show
View Real Time Build Order
Export as new Build Order

Miszu Terran 

Build Orders:  

Get SALT Encoding   

  12  0:00  SCV  
  14  0:14  SCV  
  14  0:19  Supply Depot  
  14  0:26  SCV  
  15  0:29  Refinery  
  15  0:40  SCV  
  16  0:46  Barracks  
  16  0:52  SCV  
  16  0:56  Refinery  
  17  1:04  SCV  
  18  1:21  SCV  
  19  1:33  Reaper  
  19  1:34  Orbital Command  
  19  1:38  Factory  
  20  1:48  Supply Depot  
  20  1:59  SCV  
  21  2:05  Reaper  
  22  2:11  SCV  
  23  2:22  Hellion  
  25  2:23  SCV  
  26  2:36  Command Center  
  26  2:41  Barracks Reactor  
  26  2:43  SCV  
  27  2:49  Starport  
  25  3:00  Hellion  
  25  3:04  SCV  
  28  3:19  Marine x2  
  30  3:24  Factory Tech Lab  
  30  3:25  SCV  
  31  3:31  Starport Tech Lab  
  31  3:40  Marine x2  
  31  3:48  Cyclone  
  34  3:54  SCV  
  38  3:58  Raven  
  37  4:05  Marine  
  34  4:13  SCV, Orbital Command  
  30  4:25  SCV  
  30  4:27  Marine  
  30  4:28  Marine, Siege Tank  
  35  4:37  SCV  
  36  4:41  SCV  
  36  4:42  Refinery  
  36  4:45  Marine x2  
  38  4:49  SCV  
  37  4:53  SCV  
  36  5:01  SCV  
  36  5:02  Raven, Marine  
  36  5:03  Marine  
  36  5:05  SCV  
  36  5:06  Supply Depot  
  42  5:13  SCV  
  43  5:17  SCV  
  44  5:25  SCV  
  44  5:28  Siege Tank  
  48  5:29  Supply Depot, SCV  
  48  5:31  Marine x2  
  51  5:37  SCV  
  51  5:41  SCV  
  54  5:51  SCV  
  54  5:52  Supply Depot  
  54  5:55  SCV  
  54  5:57  Viking x2  
  56  6:07  Marine, SCV, Siege Tank  
  56  6:08  SCV  
  62  6:16  Supply Depot  
  62  6:26  Marine  
  62  6:28  SCV x2  
  65  6:33  Viking x2  
  69  6:40  SCV  
  69  6:41  Command Center  
  70  6:50  SCV  
  70  6:52  Siege Tank  
  70  6:53  SCV  
  60  7:03  Viking x2  
  63  7:13  SCV  
  63  7:14  SCV  
  63  7:15  Marine  
Show
View Real Time Build Order
Export as new Build Order

MiNDTRiKS Terran - Winner!

Build Orders:  

Get SALT Encoding   

  12  0:03  SCV  
  13  0:15  SCV  
  14  0:21  Supply Depot  
  14  0:27  SCV  
  15  0:43  SCV  
  15  0:45  Barracks  
  16  0:55  SCV  
  17  1:07  SCV  
  17  1:09  Refinery  
  18  1:19  SCV  
  19  1:32  Marine  
  20  1:33  Orbital Command  
  20  1:46  Command Center  
  20  1:50  Marine  
  21  1:56  Supply Depot  
  21  1:59  SCV  
  22  2:07  Barracks  
  22  2:16  Barracks Reactor  
  22  2:21  Refinery  
  22  2:28  SCV  
  22  2:29  Factory  
  23  2:40  SCV  
  24  2:52  SCV  
  24  2:56  Barracks Tech Lab  
  24  2:57  Marine x2  
  27  3:15  Marine x2  
  29  3:24  Orbital Command  
  29  3:26  Starport  
  29  3:27  Stimpack  
  29  3:28  Factory Reactor  
  29  3:33  Marine, Marauder  
  32  3:36  Supply Depot  
  28  3:49  Marine  
  28  3:51  Marine  
  28  3:53  SCV  
  28  3:55  Marauder  
  33  4:09  Supply Depot  
  33  4:10  Medivac  
  33  4:14  Marine x2  
  33  4:16  Medivac  
  39  4:19  Marauder  
  41  4:29  SCV x2  
  43  4:32  Marine x2  
  45  4:41  SCV x2  
  47  4:50  Marine x2  
  49  4:53  SCV  
  49  4:54  SCV  
  49  4:59  Barracks  
  51  5:00  Barracks  
  51  5:04  Barracks  
  51  5:15  Marine x2, Marauder  
  51  5:19  SCV  
  51  5:20  SCV  
  57  5:33  Marine x2  
  49  5:37  Marauder  
  47  5:50  Factory Tech Lab  
  47  5:51  Marine x2, Combat Shield  
  47  5:52  Barracks Reactor, Barracks Tech Lab  
  47  5:54  Barracks Tech Lab  
  49  5:58  Marauder  
  51  6:09  Marine x2  
  53  6:12  Marauder  
  53  6:13  Marauder  
  53  6:15  SCV x2  
  59  6:19  Marine  
  59  6:20  Supply Depot x2  
  59  6:21  Concussive Shells  
  60  6:26  Marine  
  60  6:27  Marine  
  62  6:41  Marine x2  
  62  6:42  Medivac x2, Marauder x3  
  62  6:44  Marine x2  
  76  6:55  Supply Depot  
  76  6:56  Supply Depot  
  76  6:57  Supply Depot  
  76  6:59  Marine x2  
  78  7:13  Supply Depot x2  
  78  7:17  Marine x3, SCV x2, Siege Tank, Marauder  
  78  7:18  Marauder x2  
  92  7:23  Marine  
  92  7:28  Engineering Bay  
  92  7:29  SCV x2  
Show
View Real Time Build Order
Export as new Build Order

PureLegacy Terran - Winner!

Build Orders:  

Get SALT Encoding   

  12  0:02  SCV  
  13  0:14  SCV  
  13  0:19  Supply Depot  
  14  0:26  SCV  
  15  0:33  Refinery  
  15  0:41  SCV  
  16  0:46  Barracks  
  16  0:53  SCV  
  17  1:01  Refinery  
  18  1:14  Barracks  
  17  1:20  Barracks  
  17  1:27  SCV  
  18  1:34  Reaper  
  19  1:45  Orbital Command  
  19  1:53  Refinery  
  19  2:01  Reaper  
  19  2:04  Supply Depot  
  20  2:11  Reaper  
  21  2:18  Reaper  
  21  2:21  SCV  
  23  2:27  Supply Depot  
  23  2:33  Reaper, SCV  
  25  2:44  Reaper  
  25  2:50  Reaper  
  26  3:04  SCV  
  27  3:06  Reaper  
  28  3:17  Command Center  
  28  3:18  Reaper  
  29  3:20  SCV  
  29  3:45  SCV  
  32  3:53  Supply Depot  
  33  3:58  Barracks Reactor, Barracks Tech Lab  
  33  4:01  SCV  
  33  4:02  Factory  
  31  4:03  Barracks Reactor  
  30  4:24  Marine  
  30  4:27  Stimpack  
  30  4:28  SCV  
  30  4:32  Orbital Command  
  30  4:36  Marine x2  
  32  4:40  Marine x2, SCV  
  32  4:41  Marine  
  35  4:54  Marine x2  
  35  4:59  Factory Reactor, Starport  
  34  5:01  SCV x2  
  36  5:07  Marine x3  
  36  5:13  SCV x2  
  41  5:14  Marine x2  
  43  5:25  SCV x2  
  45  5:29  Marine x2  
  45  5:30  Marine  
  45  5:34  Engineering Bay  
  48  5:40  SCV  
  48  5:41  SCV  
  50  5:43  Factory Tech Lab  
  50  5:44  Marine x2  
  50  5:46  Medivac x2  
  56  5:50  Supply Depot  
  56  5:52  Marine x3  
  56  5:54  SCV x2  
  60  6:07  Supply Depot  
  60  6:08  Siege Tank  
  63  6:19  Barracks x2  
  63  6:27  Marine x4  
  63  6:28  Marine  
  63  6:30  SCV x2  
  70  6:40  Siege Tank  
  70  6:42  Supply Depot  
  70  6:45  Marine  
  74  6:47  Marine x2  
  74  6:48  Marine x2  
  74  7:13  Medivac x2  
  74  7:14  Marine x4  
  81  7:18  Refinery x2  
  80  7:28  Barracks Reactor  
  62  7:39  Barracks Reactor  
  67  7:45  Command Center  
Tags
 
Add a new tag
Caveats
  • Supply blocks, unpowered buildings, or Contaminate may cause inaccurate times.
  • Supply counts are checked every 10 seconds.